 Dungeon Crawl Stone Soup version 0.25-a0-492-g44cc58d149 (webtiles) character file.

Game seed: 2992134605308164695, levelgen mode: deterministic

1000 mopl the Skirmisher (level 8, -2/69 HPs)
             Began as a Hill Orc Artificer on Feb 11, 2020.
             Was a Follower of Beogh.
             Killed by divine providence
             ... invoked by an orc priest
              (12 damage)
             ... on level 5 of the Dungeon.
             The game lasted 00:09:34 (6280 turns).

mopl the Skirmisher (Hill Orc Artificer)            Turns: 6280, Time: 00:09:34

Health: -2/69      AC: 13    Str: 17      XL:     8   Next: 19%
Magic:  11/11      EV:  5    Int: 11      God:    Beogh [*.....]
Gold:   367        SH:  0    Dex: 10 (11) Spells: 7/7 levels left

rFire    . . .     SeeInvis .   a - +0 hand axe
rCold    . . .     Gourm    .   (no shield)
rNeg     . . .     Faith    .   g - +0 plate armour
rPois    .         Spirit   .   (no helmet)
rElec    .         Reflect  .   h - +0 cloak
rCorr    .         Harm     .   (no gloves)
MR       .....                  (no boots)
Stlth    ..........             (no amulet)
HPRegen  0.21/turn              (no ring)
MPRegen  0.12/turn              (no ring)

@: no status effects
A: no striking features
a: Renounce Religion


You were on level 5 of the Dungeon.
You worshipped Beogh.
Beogh was aware of your devotion.
You were not hungry.

You visited 1 branch of the dungeon, and saw 5 of its levels.

You collected 367 gold pieces.

Inventory:

Hand Weapons
 a - a +0 hand axe (weapon)
Missiles
 l - 3 boomerangs
 r - 7 poisoned darts (quivered)
Armour
 g - a +0 plate armour (worn)
 h - a +0 cloak (worn)
Wands
 d - a wand of enslavement (6)
Scrolls
 b - 6 scrolls of remove curse
 e - a scroll of random uselessness {unknown}
 k - 2 scrolls of teleportation
 m - a scroll of enchant armour {unknown}
 p - a scroll of immolation {unknown}
 q - a scroll of blinking {unknown}
 t - a scroll of enchant weapon {unknown}
 v - a scroll of magic mapping {unknown}
 w - a scroll of fog {unknown}
Potions
 i - a potion of haste
 n - 2 potions of berserk rage {!q}
 o - 2 potions of heal wounds
 u - a potion of brilliance
 z - a potion of agility
 A - a potion of magic
Comestibles
 c - 7 rations
 f - 2 chunks of flesh


   Skills:
 * Level 5.6 Fighting
   Level 1.0 Short Blades
 * Level 5.1 Axes
 + Level 2.3 Throwing
 * Level 4.8 Armour
 - Level 1.6 Dodging
 - Level 0.7 Stealth
 + Level 2.2 Invocations
 + Level 4.5 Evocations


You had 7 spell levels left.
You didn't know any spells.
Your spell library contained the following spells:

 Spells                   Type           Power        Failure   Level  Hunger
 Animate Skeleton         Necr           N/A          100%        1    ##.....
 Pain                     Necr           #...         100%        1    ##.....
 Vampiric Draining        Necr           #.........   100%        3    ####...
 Animate Dead             Necr           N/A          100%        4    #####..
 Agony                    Necr           #.......     100%        5    ######.


Dungeon Overview and Level Annotations

Branches:
Dungeon (5/15)
 Temple: D:4-7

Altars:
Hepliaklqana
The Shining One
Beogh


Message History

The orc priest looks satisfied for a moment.
The jelly jiggles.
The orc hits you but does no damage.
The orc priest mumbles some strange prayers to Beogh against you.
Beogh smites you! The orc hits you but does no damage.
The orc priest mumbles some strange prayers to Beogh against you.
Beogh smites you!
The orc priest calls down the wrath of Beogh upon you.
Beogh smites you!
* * * LOW HITPOINT WARNING * * *
The orc priest calls down the wrath of Beogh upon you.
Beogh smites you!
* * * LOW HITPOINT WARNING * * *
The orc priest calls upon Beogh to heal the orc.
The orc is healed somewhat.
The orc priest mumbles some strange prayers to Beogh against you.
Beogh smites you!
You die...
Beogh appreciates the orc priest's killing of a heretic priest.

.....###......##.##.
...............#........
.......#..........##....
###....##..............#
# ##..##........#......
.##.#............#..>...
.......................#
......# #...รท...).....#
.#....###.....o.@..>.#
....... #..o..##J.......
#.....###..o..###.......
#.....#....w#.###.......
#.......###.#...##.....#
......####..#.........##
#......##......##......#
....#.........## ......
.#............# ..


You could see a jelly, 2 orc priests and an orc.

Vanquished Creatures
  Pikel (D:4)
  Eustachio (D:4)
  Menkaure (D:4)
  A slave (D:4)
  A phantom (D:5)
  An ice beast (D:4)
  2 hounds
  An orc priest (D:4)
  A centaur skeleton (D:4)
  An iguana (D:4)
  2 worker ants (D:4)
  4 orc wizards (D:4)
  A hound skeleton (D:4)
  3 gnolls
  5 adders
  An adder zombie (D:5)
  2 oozes
  2 adder skeletons
  A worm (D:2)
  3 dart slugs
  A leopard gecko (D:3)
  5 orcs
  2 ball pythons
  A giant cockroach (D:3)
  3 goblins
  6 hobgoblins
  14 jackals
  2 kobolds (D:1)
  9 bats
  2 frilled lizards
  A jackal skeleton (D:4)
  8 rats
89 creatures vanquished.

Vanquished Creatures (collateral kills)
  An orc (D:5)
1 creature vanquished.

Vanquished Creatures (others)
  A slave (D:4)
  A leopard gecko (D:3)
  A bat (D:3)
3 creatures vanquished.

Grand Total: 93 creatures vanquished

Notes
Turn   | Place    | Note
-------+----------+-------------------------------------------
     0 | D:1      | mopl the Hill Orc Artificer began the quest for the Orb.
     0 | D:1      | Reached XP level 1. HP: 16/16 MP: 3/3
   190 | D:1      | Reached XP level 2. HP: 15/23 MP: 4/4
   229 | D:1      | Reached skill level 1 in Armour
   351 | D:1      | Reached skill level 2 in Fighting
   404 | D:1      | Reached XP level 3. HP: 23/29 MP: 5/5
   799 | D:2      | Found a hazy altar of Hepliaklqana.
  1166 | D:1      | Reached skill level 2 in Armour
  1621 | D:3      | Reached XP level 4. HP: 27/37 MP: 6/6
  1646 | D:3      | Became a worshipper of Beogh the Brigand
  2311 | D:4      | Reached skill level 3 in Fighting
  2311 | D:4      | Reached skill level 1 in Axes
  2350 | D:4      | Noticed Eustachio
  2358 | D:5      | Entered Level 5 of the Dungeon
  2367 | D:5      | Noticed a phantom
  2405 | D:4      | Reached XP level 5. HP: 6/45 MP: 7/7
  2789 | D:4      | Noticed Menkaure
  2945 | D:4      | Killed Menkaure
  2945 | D:4      | Reached skill level 2 in Axes
  2945 | D:4      | Reached skill level 1 in Throwing
  2945 | D:4      | Reached skill level 3 in Armour
  2945 | D:4      | Reached XP level 6. HP: 9/52 MP: 8/8
  3282 | D:4      | Found a roughly hewn altar of Beogh.
  3286 | D:4      | Reached skill level 4 in Fighting
  3289 | D:4      | Reached skill level 3 in Axes
  3392 | D:4      | Reached skill level 4 in Evocations
  3416 | D:4      | Reached XP level 7. HP: 32/60 MP: 10/10
  3685 | D:4      | Noticed Pikel
  3745 | D:4      | Killed Pikel
  3745 | D:4      | Reached skill level 4 in Axes
  3745 | D:4      | Reached skill level 4 in Armour
  3963 | D:5      | Reached * piety under Beogh
  4909 | D:4      | Killed Eustachio
  4909 | D:4      | Reached skill level 5 in Fighting
  4909 | D:4      | Reached skill level 2 in Throwing
  4909 | D:4      | Reached skill level 1 in Invocations
  5207 | D:4      | Found a glowing golden altar of the Shining One.
  5773 | D:4      | Reached XP level 8. HP: 27/69 MP: 11/11
  6217 | D:5      | Reached skill level 5 in Axes
  6217 | D:5      | Reached skill level 2 in Invocations
  6280 | D:5      | Killed from afar by an orc priest

Levels and vault maps discovered:
D:1:      wander_arrival_desolate, layout_basic
D:2:      layout_basic, nicolae_overflow_crystal_walls, first_ration
D:3:      layout_basic
D:4:      layout_basic, tso_oasis_becter, kennysheep_orc_chapel, uniq_menkaure,
          uniq_pikel, uniq_eustachio
D:5:      layout_cave_pools, serial_shops,
          nicolae_shop_competitors_out_of_business

Skill      XL: |  1  2  3  4  5  6  7  8 |
---------------+-------------------------+-----
Armour         | 1 2 3 4 |  4.8
Fighting       | 2 3 4 5 |  5.6
Axes           | 1 2 3 4 5 |  5.1
Throwing       | 1 2 |  2.3
Evocations     | 4 |  4.5
Invocations    | 1 2 |  2.2
Short Blades   | |  1.0
Dodging        | |  1.6
Stealth        | |  0.7

Action                   |  1- 3 |  4- 6 |  7- 9 || total
-------------------------+-------+-------+-------++-------
Melee: Short sword       |   230 |     5 |       ||   235
       Hand axe          |       |   153 |   314 ||   467
Throw: Dart              |       |       |     9 ||     9
       Boomerang         |       |       |     1 ||     1
Invok: Convert to Beogh  |       |     1 |       ||     1
Evoke: Wand              |       |    23 |    16 ||    39
  Use: Scroll            |     2 |       |     6 ||     8
 Stab: Paralysed         |       |     4 |       ||     4
  Eat: Chunk             |     3 |     3 |     2 ||     8
       Ration            |       |     1 |     2 ||     3
Armor: Plate armour      |   329 |   141 |   383 ||   853
       Leather armour    |     4 |       |       ||     4
Dodge: Dodged            |    85 |    37 |   141 ||   263

Table legend:
 A = Non-vault XP
 B = Vault XP
 C = Vault XP percentage of total XP
 D = Non-vault monster count
 E = Vault monster count
 F = Vault count percentage of total count
                 A         B        C        D         E       F
            +---------+---------+-------+---------+---------+-------
      Total |     857 |     572 |  40.0 |      82 |       7 |   7.9
            +---------+---------+-------+---------+---------+-------
        D:1 |      49 |       0 |   0.0 |      27 |       0 |   0.0
        D:2 |      25 |       0 |   0.0 |       6 |       0 |   0.0
        D:3 |      26 |       0 |   0.0 |      15 |       0 |   0.0
        D:4 |     516 |     572 |  52.6 |      19 |       7 |  26.9
        D:5 |     241 |       0 |   0.0 |      15 |       0 |   0.0
            +---------+---------+-------+---------+---------+-------
